 Dungeon Crawl Stone Soup version 0.30-a0-1112-gfb780f5df6 (webtiles) character file.

Game seed: 4256126896234775383

5060 bande the Cleaver (level 10, -14/61 HPs)
             Began as a Gargoyle Fighter on Apr 19, 2023.
             Was a Priest of Okawaru.
             Killed from afar by a rime drake (33 damage)
             ... with an icy flash freeze
             ... on level 1 of the Lair of Beasts.
             The game lasted 00:13:53 (7494 turns).

bande the Cleaver (Gargoyle Fighter)                Turns: 7494, Time: 00:13:55

Health: -14/61     AC: 28    Str: 20    XL:     10   Next: 56%
Magic:  13/13      EV:  3    Int: 11    God:    Okawaru [***...]
Gold:   1322       SH:  6    Dex: 13    Spells: 9/9 levels left

rFire   . . .      SeeInvis +    a - +1 war axe
rCold   . . .      Faith    .    c - +1 buckler
rNeg    + . .      Spirit   .    b - +1 crystal plate armour "Aschoatz" {Regen+ Int+2}
rPois   ∞          Reflect  .    (no helmet)
rElec   +          Rampage  .    o - +0 cloak
rCorr   .                        (no gloves)
Will    .....                    (no boots) Stlth
                                 (no amulet)
HPRegen 1.10/turn                n - ring of see invisible
MPRegen 0.13/turn                (no ring)

@: no status effects
A: sickness immunity, AC +7, negative energy resistance 1, electricity
resistance, torment resistance 1, petrification resistance
a: Renounce Religion, Heroism


You were on level 1 of the Lair of Beasts.
You worshipped Okawaru.
Okawaru was most pleased with you.
You visited 3 branches of the dungeon, and saw 10 of its levels.

You collected 1322 gold pieces.

Inventory:

Hand Weapons
 a - a +1 war axe (weapon)
 f - a +0 war axe
 x - a +3 morningstar of freezing
Armour
 b - the +1 crystal plate armour "Aschoatz" (worn) {Regen+ Int+2}
   (You acquired it on level 3 of the Dungeon)

   Int:       It affects your intelligence (+2).
   Regen:     It increases your rate of health regeneration.
 c - a +1 buckler (worn)
 o - a +0 cloak (worn)
Jewellery
 n - a ring of see invisible (left hand)
 s - a +6 ring of dexterity
 w - a ring of magical power
Wands
 k - a wand of polymorph (12)
 q - a wand of roots (8)
 r - a wand of paralysis (13)
 u - a wand of flame (49)
 A - a wand of light (10)
Scrolls
 e - 2 scrolls of silence
 g - a scroll of enchant weapon
 i - a scroll of fog
 l - a scroll of enchant armour
 m - a scroll of poison {unknown}
 p - a scroll of magic mapping
 y - 3 scrolls of teleportation
Potions
 d - 4 potions of might
 h - 2 potions of magic
 j - 2 potions of flight
 v - a potion of curing
 z - a potion of attraction


   Skills:
 + Level 6.7 Fighting
 + Level 9.2 Axes
 + Level 7.3 Armour
 + Level 5.7 Shields
 * Level 4.0 Invocations
 * Level 5.6 Evocations


You had 9 spell levels left.
You didn't know any spells.
Your spell library contained the following spells:

 Spells                   Type           Power      Damage    Failure   Level
 Apportation              Tloc           0%         N/A       100%        1
 Necrotise                Necr           0%         1d4       100%        1
 Sting                    Tmut/Pois      0%         1d3       100%        1
 Poisonous Vapours        Pois/Air       0%         N/A       100%        2
 Ozocubu's Armour         Ice            0%         N/A       100%        3
 Olgreb's Toxic Radiance  Pois           0%         N/A       100%        4
 Ozocubu's Refrigeration  Ice            0%         4d7       100%        7
 Summon Small Mammal      Summ           Unusable   N/A       N/A         1
 Call Canine Familiar     Summ           Unusable   N/A       N/A         3
 Summon Guardian Golem    Hex/Summ       Unusable   N/A       N/A         3

Dungeon Overview and Level Annotations

Branches:
Dungeon (8/15)             Temple (1/1) D:7            Lair (1/5) D:8

Altars:
Ashenzari
Cheibriados
Dithmenos
Elyvilon
Fedhas
Gozag
Hepliaklqana
Kikubaaqudgha
Makhleb
Nemelex Xobeh
Okawaru
Qazlal
Ru
Sif Muna
Trog
Uskayaw
Vehumet
Xom
Yredelemnul
Zin
The Shining One

Shops:
D:7 (

Annotations:
D:4 2 transporters


Innate Abilities, Weirdness & Mutations

You are immune to sickness and miasma.
Your stone body is resilient. (AC +7)
You are immune to poison.
You resist negative energy. (rN+)
You are resistant to electric shocks. (rElec)
You are resistant to unholy torment.
You are immune to petrification.


Message History

You are too injured to fight recklessly!
You are too injured to fight recklessly!
You are too injured to fight recklessly!
You are too injured to fight recklessly!
You closely miss the rime drake.
The rime drake is lightly wounded.
You hit the bush but do no damage.
The rime drake bites you but does no damage.
You block the rime drake's attack.
You closely miss the rime drake.
The rime drake is lightly wounded.
You hit the bush. The ice encasing you melts away.
The rime drake breathes ice at you. The icy flash freeze hits you!
* * * LOW HITPOINT WARNING * * *
You are encased in ice.
You feel better.
The rime drake bites you but does no damage.
You hit the rime drake.
The rime drake is lightly wounded.
You slash the bush! The rime drake bites you.
* * * LOW HITPOINT WARNING * * *
The rime drake bites you but does no damage.
You slash the rime drake!
The rime drake is moderately wounded.
You hit the bush but do no damage. The ice encasing you melts away.
The rime drake bites you but does no damage.
You slash the rime drake!
The rime drake is severely wounded.
You slash the bush!
The rime drake bites you but does no damage.
You closely miss the rime drake.
The rime drake is severely wounded.
You slash the bush! The rime drake breathes ice at you.
The icy flash freeze hits you!!
Ouch! That really hurt!
You die...

.##............# ....
......................#
.##†...........#......#
.........#.....#......#
...............#......#
.##......#.....#......##
###....................#
.........####..P.....(#.
................@k......
####P####.#####.##.#####
### ### ### #


You could see a rime drake (catching breath).

Vanquished Creatures
  A cane toad (Lair:1)
  Prince Ribbit (D:7)
  A wyvern (D:8)
  6 yaks (D:8)
  2 wargs (D:8)
  2 water moccasins
  2 ice beasts (D:5)
  3 orc warriors
  3 sky beasts
  2 centaurs
  4 kobold brigands
  3 bullfrogs
  2 scorpions
  13 wights
  9 hounds
  7 orc priests
  Crazy Yiuf (D:7)
  2 sleepcaps
  6 orc wizards
  Robin (D:4)
  3 gnolls (D:7)
  12 adders
  A shadow imp (D:7)
  A white imp (D:6)
  2 ufetubi
  A worm (D:2)
  A dart slug (D:3)
  35 orcs
  8 endoplasms
  3 giant cockroaches
  13 goblins
  8 hobgoblins
  21 kobolds
  2 quokkas (D:4)
  7 ball pythons
  A bat (D:3)
  3 frilled lizards
  7 rats
200 creatures vanquished.

Vanquished Creatures (others)
  A fungus (Lair:1)
  7 plants
8 creatures vanquished.

Grand Total: 208 creatures vanquished

Notes
Turn   | Place    | Note
-------+----------+-------------------------------------------
     0 | D:1      | bande the Gargoyle Fighter began the quest for the Orb.
     0 | D:1      | Reached XP level 1. HP: 14/14 MP: 1/1
   332 | D:1      | Reached XP level 2. HP: 19/19 MP: 2/2
   359 | D:1      | Reached skill level 2 in Axes
   955 | D:2      | Reached XP level 3. HP: 23/23 MP: 3/3
  1294 | D:2      | Reached XP level 4. HP: 29/29 MP: 4/4
  1447 | D:2      | Found a faded altar of an unknown god.
  1588 | D:2      | Reached skill level 3 in Axes
  2084 | D:3      | Reached XP level 5. HP: 7/33 MP: 5/5
  2195 | D:2      | Reached skill level 1 in Evocations
  2409 | D:3      | Identified 2 scrolls of acquirement
  2409 | D:3      | Acquired 936 gold pieces
  2413 | D:3      | Acquired the +1 crystal plate armour "Aschoatz" {Regen+
                  | Int+2}
  2566 | D:3      | Reached XP level 6. HP: 37/38 MP: 6/6
  2582 | D:4      | Reached skill level 4 in Axes
  2934 | D:4      | Noticed Robin
  2952 | D:4      | Killed Robin
  3117 | D:4      | Found a transporter.
  3118 | D:4      | Found a transporter.
  3241 | D:5      | Entered Level 5 of the Dungeon
  3326 | D:5      | Reached XP level 7. HP: 33/43 MP: 7/7
  3341 | D:5      | Reached skill level 5 in Armour
  3508 | D:5      | Reached skill level 5 in Axes
  3791 | D:5      | Found an opulent altar of Gozag.
  3791 | D:5      | Found a sparkling altar of Nemelex Xobeh.
  4246 | D:6      | Reached XP level 8. HP: 48/48 MP: 8/8
  4316 | D:6      | Identified the +2 robe "Niusemm" {rC++ Str+3}
  4382 | D:6      | Reached skill level 6 in Axes
  4630 | D:6      | Found a radiant altar of Vehumet.
  4830 | D:7      | Reached skill level 5 in Fighting
  4864 | D:7      | Reached skill level 7 in Axes
  4864 | D:7      | Reached XP level 9. HP: 14/54 MP: 9/9
  4960 | D:7      | Found Laummo Punesk's Antique Weapon Shoppe.
  5143 | D:7      | Found a runed translucent door.
  5144 | D:7      | Noticed Crazy Yiuf
  5369 | D:7      | Found a staircase to the Ecumenical Temple.
  5371 | D:7      | Noticed Prince Ribbit
  5406 | Temple   | Entered the Ecumenical Temple
  5415 | Temple   | Became a worshipper of Warmaster Okawaru
  5435 | D:7      | Killed Prince Ribbit
  5592 | D:7      | Reached skill level 1 in Invocations
  5750 | D:7      | Reached skill level 5 in Shields
  5909 | D:7      | Killed Crazy Yiuf
  6028 | D:8      | Reached * piety under Okawaru
  6029 | D:8      | Reached skill level 8 in Axes
  6216 | D:8      | HP: 2/55 [orc warrior/+0 scimitar of protection (1)]
  6356 | D:8      | Reached skill level 5 in Evocations
  6405 | D:8      | Found a staircase to the Lair.
  6418 | D:8      | Reached XP level 10. HP: 60/60 MP: 12/12
  7294 | D:8      | Reached ** piety under Okawaru
  7308 | D:8      | Reached skill level 9 in Axes
  7383 | Lair:1   | Entered Level 1 of the Lair of Beasts
  7400 | Lair:1   | Noticed a cane toad
  7413 | Lair:1   | Killed a cane toad
  7413 | Lair:1   | Reached *** piety under Okawaru
  7494 | Lair:1   | Killed from afar by a rime drake

Illustrated notes

Levels and vault maps discovered:
D:1:      shiori_arrival_oz, layout_basic, serial_rivers,
          chequers_serial_rivers_marsh, chequers_serial_rivers_micro_a,
          chequers_serial_rivers_room_b, chequers_serial_rivers_marsh,
          chequers_serial_rivers_micro_d, chequers_serial_rivers_marsh,
          grunt_decor_one_mirror
D:2:      layout_basic, basic_ecumenical_altar
D:3:      layout_rooms
D:4:      layout_gridville, gammafunk_ghost_gnarly_gnolls,
          small_statue_intersection, kennysheep_decorative_pillar, uniq_robin
D:5:      layout_loops_cross, grunt_temple_overflow_opulence, serial_glass,
          glass_columns_a, glass_columns_a, glass_columns_a, glass_columns_a,
          glass_columns_a, glass_columns_a, feat_on_display, item_on_display_a,
          minmay_strange_pillars, due_unseen_surprise
D:6:      layout_cave_pools, vehumet_altar_wand_db
D:7:      layout_cave_pods, minmay_temple_entry_purple_smoke, serial_shops,
          shop, uniq_prince_ribbit1, uniq_crazy_yiuf_cottage
D:8:      layout_basic, erik_lair_orcish_takeover
Temple:   nicolae_temple_no_exploring_needed
Lair:1:   layout_regular_city, uniq_grum

Skill      XL: |  1  2  3  4  5  6  7  8  9 10 |
---------------+-------------------------------+-----
Axes           | 2 3 4 5 7 8 9 |  9.2
Armour         | 4 5 6 7 |  7.3
Evocations     | 1 2 3 5 |  5.6
Fighting       | 4 5 6 |  6.7
Shields        | 4 5 |  5.7
Invocations    | 2 4 |  4.0

Action                     |  1- 3 |  4- 6 |  7- 9 | 10-12 || total
---------------------------+-------+-------+-------+-------++-------
  Melee: War axe           |    84 |   179 |   379 |   151 ||   793
    Use: Scroll            |       |     8 |    13 |       ||    21
         Potion            |       |       |     3 |     1 ||     4
 Armour: Scale mail        |    50 |    53 |       |       ||   103
         Crystal plate arm |       |   145 |   387 |    89 ||   621
  Dodge: Dodged            |    37 |    70 |    35 |    18 ||   160
  Block: Buckler           |    15 |    44 |    96 |    33 ||   188

Table legend: (Time is in decaauts)
 A = Elapsed time spent in this place.
 B = Non-inter-level travel time spent in this place.
 C = Inter-level travel time spent in this place.
 D = Time resting spent in this place.
 E = Time spent auto-exploring this place.
 F = Levels seen in this place.
 G = Mean time per level.
                   A        B        C        D        E       F      G
               +--------+--------+--------+--------+--------+-----+--------+
         Total |   7691 |   7582 |    109 |   1256 |   4383 |  10 |  769.1 |
       Dungeon |   7558 |   7449 |    109 |   1239 |   4336 |   8 |  944.8 |
        Temple |     18 |     18 |      0 |      0 |      0 |   1 |   18.0 |
          Lair |    113 |    113 |      0 |     17 |     47 |   1 |  113.0 |
               +--------+--------+--------+--------+--------+-----+--------+

Top non-repeatable levels by time:
     D:8: 1453 daAuts
     D:7: 1177 daAuts
     D:2: 1066 daAuts
     D:5: 1001 daAuts
     D:1: 936 daAuts
     D:4: 696 daAuts
     D:3: 647 daAuts
     D:6: 580 daAuts
  Lair:1: 113 daAuts
  Temple: 18 daAuts
